 Dungeon Crawl Stone Soup version 0.22-a0-32-ga749362bc3 (webtiles) character file.

1394 NixNut the Ruffian (level 8, -6/80 HPs)
             Began as a Troll Monk on Jan 3, 2018.
             Mangled by a gnoll sergeant
             ... wielding a +0 spear
              (7 damage)
             ... on level 6 of the Dungeon.
             The game lasted 00:16:08 (4101 turns).

NixNut the Ruffian (Troll Monk)                     Turns: 4101, Time: 00:16:08

Health: -6/80      AC:  5    Str: 21    XL:     8   Next: 41%
Magic:  7/7        EV:  6    Int:  6    God:
Gold:   227        SH:  0    Dex: 13    Spells: 7/7 levels left

rFire    . . .     SeeInvis .   l - +3 whip (elec)
rCold    . . .     Gourm    +   (no shield)
rNeg     . . .     Faith    .   a - +0 robe
rPois    .         Spirit   .   (helmet restricted)
rElec    .         Reflect  .   (no cloak)
rCorr    .         Harm     .   (gloves unavailable)
MR       .....                  (boots unavailable)
Stlth    ++........             s - amulet of magic regeneration
HPRegen  0.63/turn              o - ring of flight
MPRegen  0.35/turn              (no ring)

@: held
A: large, unfitting armour, claws 3, fast metabolism 3, gourmand, regeneration
1, shaggy fur 1, tough skin 2
a: Evoke Flight


You were on level 6 of the Dungeon.
You were very full.

You visited 1 branch of the dungeon, and saw 6 of its levels.

You collected 227 gold pieces.

Inventory:

Hand Weapons
 l - a +3 whip of electrocution (weapon)
 v - a +0 giant spiked club
Missiles
 n - 3 silver tomahawks (quivered)
Armour
 a - a +0 robe (worn)
 x - a +1 robe of magic resistance
Jewellery
 o - a ring of flight (left claw)
 s - an amulet of magic regeneration (around neck)
Wands
 w - a wand of iceblast (9)
Scrolls
 c - a scroll of noise {unknown}
 d - a scroll of magic mapping {unknown}
 e - a scroll of random uselessness {unknown}
 i - 3 scrolls of identify
 j - 3 scrolls of immolation
 p - a scroll of remove curse {unknown}
 t - a scroll of enchant armour {unknown}
 y - a scroll of teleportation {unknown}
 z - a scroll of amnesia {unknown}
Potions
 f - 2 potions of curing
 g - a potion of resistance {unknown}
 h - a potion of flight {unknown}
 r - a potion of magic {unknown}
 u - a potion of berserk rage {unknown}
Comestibles
 b - 11 rations


   Skills:
 + Level 5.1 Fighting
 * Level 2.8 Maces & Flails
 + Level 4.2 Dodging
 - Level 1.0 Stealth
 - Level 7.6 Unarmed Combat


You had 7 spell levels left.
You didn't know any spells.

Dungeon Overview and Level Annotations

Branches:
Dungeon (6/15)
 Temple: D:4-7

Altars:
Trog

Annotations:
D:6 Blork the orc; Eustachio; ShansongY's ghost, amateur DEFE


Innate Abilities, Weirdness & Mutations

You are too large for most types of armour.
You have claws for hands.
Your metabolism is lightning-fast.
You like to eat raw meat.
Your natural rate of healing is unusually fast.
You are covered in fur. (AC +1)
You have very tough skin. (AC +2)


Message History

You see here a throwing net.
You tear a large gash into the net.
The gnoll sergeant hits you from afar with a spear!
* * * LOW HITPOINT WARNING * * *
The sky beast hits you.
* * * LOW HITPOINT WARNING * * *
The sky beast shocks you.
* * * LOW HITPOINT WARNING * * *
Eustachio utters an oath, "I will die for my friends!"
Eustachio mumbles some strange words.
As you read the scroll of immolation, it crumbles to dust.
The creatures around you are filled with an inner flame!
The orc wizard mumbles some strange words.
The orc wizard flickers and vanishes!
Deactivating autopickup; reactivate with Ctrl-A.
The gnoll completely misses you.
The gnoll hits you from afar with a spear.
* * * LOW HITPOINT WARNING * * *
The gnoll sergeant hits you from afar with a spear!
You die...

#######
########g....#
.......@g....+
########Ygg.s###
###rgg.....
#..oW......
#..5###....
#..@# ... #5.{#
.. ##o.5# # #
#....#


You could see Eustachio (inner flame), an orc warrior (inner flame), a sky beast
(inner flame), a gnoll sergeant (inner flame), ShansongY's ghost (inner flame),
5 gnolls, a white imp, a shadow imp, a quokka and a giant cockroach (inner
flame).

Vanquished Creatures
  Pikel (D:5)
  Sigmund (D:2)
  An ice beast (D:6)
  4 slaves (D:5)
  A phantom (D:3)
  2 ogres
  A scorpion (D:4)
  2 crimson imps (D:5)
  An orc priest (D:4)
  2 orc wizards (D:4)
  An iguana (D:4)
  2 hound zombies (D:5)
  Robin (D:4)
  6 adders
  2 oozes
  A worm (D:2)
  3 dart slugs (D:2)
  5 leopard geckos
  5 orcs (D:4)
  10 giant cockroaches
  15 goblins
  14 hobgoblins
  2 jackals (D:1)
  11 kobolds
  A quokka (D:3)
  6 bats
  6 frilled lizards
  A leopard gecko skeleton (D:4)
  10 rats
118 creatures vanquished.

Notes
Turn   | Place    | Note
-------+----------+-------------------------------------------
     0 | D:1      | NixNut the Troll Monk began the quest for the Orb.
     0 | D:1      | Reached XP level 1. HP: 22/22 MP: 0/0
    48 | D:1      | Reached XP level 2. HP: 23/29 MP: 1/1
   244 | D:1      | Reached XP level 3. HP: 35/36 MP: 2/2
   430 | D:2      | Reached skill level 4 in Unarmed Combat
   850 | D:2      | Noticed Sigmund
   973 | D:3      | Reached XP level 4. HP: 45/45 MP: 3/3
  1454 | D:3      | Noticed a phantom
  1462 | D:3      | Killed a phantom
  1462 | D:3      | Reached skill level 5 in Unarmed Combat
  1462 | D:3      | Reached XP level 5. HP: 45/53 MP: 4/4
  1654 | D:4      | Noticed an ogre
  1783 | D:5      | Entered Level 5 of the Dungeon
  1805 | D:5      | Reached XP level 6. HP: 60/62 MP: 5/5
  1920 | D:5      | Reached skill level 6 in Unarmed Combat
  2012 | D:5      | Noticed a slave
  2012 | D:5      | Noticed a slave
  2015 | D:5      | Noticed a slave
  2031 | D:5      | Killed a slave
  2033 | D:5      | Killed a slave
  2034 | D:5      | Noticed a slave
  2059 | D:5      | Killed a slave
  2062 | D:5      | Killed a slave
  2383 | D:5      | Noticed Pikel
  2388 | D:5      | Killed Pikel
  2388 | D:5      | Reached skill level 7 in Unarmed Combat
  2388 | D:5      | Reached XP level 7. HP: 71/71 MP: 6/6
  2488 | D:4      | Reached skill level 1 in Maces & Flails
  2488 | D:4      | Reached XP level 8. HP: 70/79 MP: 7/7
  2692 | D:4      | Noticed Robin
  3066 | D:4      | Killed Robin
  3492 | D:2      | Killed Sigmund
  3492 | D:2      | Reached skill level 5 in Fighting
  4075 | D:6      | Found a bloodstained altar of Trog.
  4075 | D:6      | Noticed Eustachio
  4077 | D:6      | Noticed Blork the orc
  4081 | D:6      | Noticed ShansongY's ghost (amateur DEFE)
  4100 | D:6      | HP: 4/80 [sky beast (6)]
  4101 | D:6      | HP: 1/80 [gnoll/spear (4)]
  4101 | D:6      | Mangled by a gnoll sergeant

Vault maps used:
D:1:      dpeg_arrival_rooms_c
D:2:      uniq_sigmund
D:3:      first_ration
D:4:      cheibrodos_old_hovel, uniq_robin
D:5:      minivault_23, uniq_pikel
D:6:      nicolae_overflow_hidden_temple, hangedman_decor_diamond_cutter,
          bloody_trog, uniq_eustachio, uniq_blork_the_orc

Skill      XL: |  1  2  3  4  5  6  7  8 |
---------------+-------------------------+-----
Unarmed Combat | 4 5 7 |  7.6
Fighting       | 3 4 5 |  5.1
Dodging        | 3 4 |  4.2
Maces & Flails | 1 2 |  2.8
Stealth        | |  1.0

Action                   |  1- 3 |  4- 6 |  7- 9 || total
-------------------------+-------+-------+-------++-------
Melee: Unarmed           |   110 |   114 |    24 ||   248
       Punch             |     3 |     3 |     3 ||     9
       Whip              |       |       |    86 ||    86
  Use: Scroll            |       |     1 |     9 ||    10
       Potion            |       |     1 |     1 ||     2
 Stab: Sleeping          |     1 |     1 |     3 ||     5
  Eat: Chunk             |    14 |    13 |    14 ||    41
Armor: Robe              |    36 |    24 |    36 ||    96
Dodge: Dodged            |    49 |    47 |    60 ||   156

Table legend:
 A = Spawn XP
 B = Non-spawn XP
 C = Spawn XP percentage of total XP
 D = Spawn monster count
 E = Non-spawn monster count
 F = Spawn count percentage of total count
 G = Total turns spent on level
                    A         B        C        D         E        F      G
               +---------+---------+-------+---------+---------+-------+---------
         Total |       0 |    1992 |   0.0 |       0 |     114 |   0.0 |  4101
               +---------+---------+-------+---------+---------+-------+---------
           D:1 |       0 |      47 |   0.0 |       0 |      30 |   0.0 |   387
           D:2 |       0 |     295 |   0.0 |       0 |      22 |   0.0 |  1100
           D:3 |       0 |     178 |   0.0 |       0 |      20 |   0.0 |   775
           D:4 |       0 |     432 |   0.0 |       0 |      31 |   0.0 |  1101
           D:5 |       0 |     905 |   0.0 |       0 |       9 |   0.0 |   677
           D:6 |       0 |     135 |   0.0 |       0 |       2 |   0.0 |    61
               +---------+---------+-------+---------+---------+-------+---------
